 Dungeon Crawl Stone Soup version 0.27.0-1-g7a089689b8 (webtiles) character file.

Game seed: 16802043179425610545

29 horus123 the Conjurer (level 3, 0/19 HPs)
             Began as a Deep Elf Conjurer on Aug 10, 2021.
             Slain by a goblin (4 damage)
             ... led by Robin
             ... on level 2 of the Dungeon.
             The game lasted 00:01:50 (1097 turns).

horus123 the Conjurer (Deep Elf Conjurer)           Turns: 1097, Time: 00:01:51

Health: 0/19       AC:  2    Str:  4    XL:     3   Next: 1%
Magic:  1/9        EV: 12    Int: 23    God:
Gold:   27         SH:  0    Dex: 13    Spells: 5/8 levels left

rFire    . . .     SeeInvis .   b - +3 short sword
rCold    . . .     Faith    .   (no shield)
rNeg     . . .     Spirit   .   a - +0 robe
rPois    .         Reflect  .   (no helmet)
rElec    .         Harm     .   (no cloak)
rCorr    .         Rampage  .   (no gloves)
Will     .....                  (no boots)
Stlth    ++........             (no amulet)
HPRegen  0.06/turn              (no ring)
MPRegen  0.11/turn              (no ring)

@: no status effects
A: no striking features
a: no special abilities


You were on level 2 of the Dungeon.
You visited 1 branch of the dungeon, and saw 2 of its levels.

You collected 27 gold pieces.

Inventory:

Hand Weapons
 b - a +3 short sword (weapon)
Armour
 a - a +0 robe (worn)
Scrolls
 c - a scroll of identify {unknown}
 d - a scroll of teleportation {unknown}
 e - a scroll of fog {unknown}
Potions
 f - 2 potions of curing {unknown}


   Skills:
 + Level 2.5 Dodging
 + Level 2.5 Stealth
 + Level 3.1 Spellcasting
 * Level 5.3 Conjurations


You had 5 spell levels left.
You knew the following spells:

 Your Spells              Type           Power      Damage    Failure   Level
a - Magic Dart            Conj           100%       1d8       1%          1
b - Searing Ray           Conj           56%        3d5       1%          2

Your spell library contained the following spells:

 Spells                   Type           Power      Damage    Failure   Level
 Beastly Appendage        Tmut           6%         N/A       12%         1
 Dazzling Flash           Conj/Hex       30%        N/A       12%         3
 Wereblood                Tmut           3%         N/A       17%         2
 Spider Form              Tmut/Pois      1%         N/A       34%         3
 Fulminant Prism          Conj/Hex       7%         3d7       36%         4
 Iskenderun's Mystic Bla  Conj/Tloc      15%        2d5       36%         4


Dungeon Overview and Level Annotations

Branches:
Dungeon (2/15)

Altars:

Annotations:
D:2 Robin


Message History

Press: ? - help, Shift-Dir - straight line, f - goblin
Aim: a goblin, wielding a +0 club (74% to hit)
The searing ray hits the goblin!
You kill the goblin!
The searing ray hits Robin!
Robin is heavily wounded.
The searing ray hits the goblin!
You kill the goblin! (Press . to maintain the ray.) Robin hits you from afar with a +0 spear.
A goblin comes into view. It is wielding a +0 dagger.
You have reached level 3!
Your experience leads to an increase in your attributes!
Increase (S)trength, (I)ntelligence, or (D)exterity?
You feel clever.
The searing ray hits Robin.
Robin is severely wounded.
The goblin shouts!
You hear a shout!
Robin throws the goblin at you! The goblin hits you with a +0 dagger.
You miss the goblin. The goblin barely misses you. Robin barely misses you.
You closely miss the goblin. The goblin hits you with a +0 dagger.
Robin roars a battlecry!
The goblin goes into a battle-frenzy!
Robin roars a battlecry!
Robin zaps a wand.
The puff of flame misses you.
You hit the goblin.
The goblin is severely wounded.
The goblin closely misses you.
Robin roars a battlecry!
You barely miss the goblin.
The goblin is severely wounded.
The goblin closely misses you.
A hobgoblin comes into view.
You closely miss the goblin.
The goblin is severely wounded.
The goblin hits you with a +0 dagger.
* * * LOW HITPOINT WARNING * * *
A goblin comes into view. It is wielding a +0 club.
The goblin hits you with a +0 dagger.
You die...

#.# ###.####+##
#.........# .#
#.........# .#
#.........## .#
#........@.# .##
#######........g.##).
................g.#g#
................#.#)#
................#.g.#
................##.g#
............######..#
............# ##.#
............# >.


You could see Robin, a hobgoblin (strong) and 2 goblins.

Vanquished Creatures
  2 dart slugs (D:1)
  A bat (D:1)
  2 endoplasms (D:1)
  2 giant cockroaches (D:1)
  5 goblins (D:2)
  2 hobgoblins (D:1)
  A kobold (D:1)
  A quokka (D:1)
  3 ball pythons (D:1)
  3 rats (D:1)
22 creatures vanquished.

Notes
Turn   | Place    | Note
-------+----------+-------------------------------------------
     0 | D:1      | horus123 the Deep Elf Conjurer began the quest for the Orb.
     0 | D:1      | Reached XP level 1. HP: 10/10 MP: 6/6
   408 | D:1      | Reached skill level 5 in Conjurations
   408 | D:1      | Reached XP level 2. HP: 15/15 MP: 8/8
   823 | D:1      | Learned a level 2 spell: Searing Ray
  1084 | D:2      | Noticed Robin
  1088 | D:2      | Reached XP level 3. HP: 11/19 MP: 1/9
  1097 | D:2      | Slain by a goblin

Illustrated notes

Levels and vault maps discovered:
D:1:      dpeg_arrival_fog, layout_basic
D:2:      minmay_inner_zag, layout_basic, hellmonk_ecumenical_altar_arch_garden,
          uniq_robin, uniq_sigmund

Skill      XL: |  1 |
---------------+----+-----
Conjurations   | 5 |  5.3
Dodging        | |  2.5
Stealth        | |  2.5
Spellcasting   | |  3.1

Action                   || total
-------------------------++-------
Melee: Short sword       ||    18
 Cast: Magic Dart        ||    19
       Searing Ray       ||     2
 Stab: Sleeping          ||     2
Armor: Robe              ||     2
Dodge: Dodged            ||    17
